 Dungeon Crawl Stone Soup version 0.29-a0-422-gafbd6decc1 (webtiles) character file.

Game seed: 13968938110225235317

142 jfcaron the Quickloader (level 5, 0/38 HPs)
             Began as a Gnoll Hunter on May 18, 2022.
             Killed from afar by an orc wizard (8 damage)
             ... with a puff of flame
             ... on level 2 of the Dungeon.
             The game lasted 00:04:02 (1420 turns).

jfcaron the Quickloader (Gnoll Hunter)              Turns: 1420, Time: 00:04:03

Health: 0/38       AC:  7    Str: 13    XL:     5   Next: 24%
Magic:  7/7        EV: 10    Int: 10    God:
Gold:   48         SH:  0    Dex: 15    Spells: 6/6 levels left

rFire   . . .      SeeInvis .   b - +0 dagger
rCold   . . .      Faith    .   (no shield)
rNeg    . . .      Spirit   .   k - +0 scale mail
rPois   +          Reflect  .   (no helmet)
rElec   .          Harm     .   h - +0 cloak
rCorr   .          Rampage  .   (no gloves)
Will    .....                   (no boots)
Stlth   +.........              (no amulet)
HPRegen 0.12/turn               (no ring)
MPRegen 0.10/turn               (no ring)

@: brilliant
A: fangs 1, strong nose, distributed training, frail 1, poison resistance,
strong 1
a: no special abilities


You were on level 2 of the Dungeon.
You visited 1 branch of the dungeon, and saw 3 of its levels.

You collected 48 gold pieces.

Inventory:

Hand Weapons
 a - a +1 hand crossbow
 b - a +0 dagger (weapon)
Missiles
 f - 89 stones
 j - 8 poisoned darts
Armour
 d - a scarf of harm
 e - a +0 leather armour
 h - a +0 cloak (worn)
 k - a +0 scale mail (worn)
Scrolls
 c - 2 scrolls of immolation
 l - a scroll of identify {unknown}
 m - a scroll of magic mapping {unknown}
Potions
 g - 2 potions of lignification
 i - a potion of mutation
 n - a potion of brilliance


   Skills:
 + Level 4.7 Fighting
 + Level 1.4 Short Blades
 + Level 1.4 Long Blades
 + Level 1.4 Axes
 + Level 1.4 Maces & Flails
 + Level 1.4 Polearms
 + Level 1.4 Staves
 + Level 1.4 Slings
 + Level 1.4 Bows
 + Level 8.6 Crossbows
 + Level 1.4 Throwing
 + Level 1.4 Armour
 + Level 4.7 Dodging
 + Level 2.7 Stealth
 + Level 1.4 Shields
 + Level 1.4 Unarmed Combat
 + Level 1.4 Spellcasting
 + Level 1.1 Conjurations
 + Level 1.1 Hexes
 + Level 1.1 Summonings
 + Level 1.1 Necromancy
 + Level 1.1 Translocations
 + Level 1.1 Transmutations
 + Level 1.1 Fire Magic
 + Level 1.1 Ice Magic
 + Level 1.1 Air Magic
 + Level 1.1 Earth Magic
 + Level 1.1 Poison Magic
 + Level 1.6 Invocations
 + Level 1.4 Evocations


You had 6 spell levels left.
You didn't know any spells.
Your spell library contained the following spells:

 Spells                   Type           Power      Damage    Failure   Level
 Ensorcelled Hibernation  Hex/Ice        8%         N/A       82%         2
 Passwall                 Tmut/Erth      3%         N/A       82%         2
 Gell's Gravitas          Tloc           4%         N/A       96%         3
 Ignite Poison            Fire/Tmut/Pois 4%         N/A       96%         3
 Lesser Beckoning         Tloc           4%         N/A       96%         3
 Mephitic Cloud           Conj/Pois/Air  4%         N/A       96%         3
 Swiftness                Air            4%         N/A       96%         3
 Teleport Other           Tloc           4%         N/A       96%         3
 Freezing Cloud           Conj/Ice/Air   2%         6-21      100%        5


Dungeon Overview and Level Annotations

Branches:
Dungeon (3/15)

Altars:

Shops:
D:3 *


Innate Abilities, Weirdness & Mutations

You have very sharp teeth.
Your uncanny sense of smell can sniff out nearby items.
Your experience applies equally to all skills.
You are frail. (-10% HP)
Your system is resistant to poisons. (rPois)
Your muscles are strong. (Str +2)


Message History

Your transformation is almost over.
The quokka bites you but does no damage.
The orc wizard hits you but does no damage.
You closely miss the quokka. You punch the quokka.
The quokka is severely wounded.
The quokka bites you but does no damage.
The orc wizard mumbles some strange words.
The orc wizard flickers and vanishes!
Deactivating autopickup; reactivate with Ctrl-A.
You hit the quokka.
You kill the quokka!
You miss something. Something hits you but does no damage.
You closely miss something. Something hits you but does no damage.
You closely miss something. Something hits you but does no damage.
You miss something. Something hits you but does no damage.
You barely miss something. Something hits you but does no damage.
You hit something but do no damage. Something completely misses you.
You miss something. Something hits you but does no damage.
You closely miss something.
You feel less wooden.
Your +0 cloak unmelds from your body.
Your +0 scale mail unmelds from your body.
Something hits you.
You miss something. Something hits you but does no damage.
You hit something but do no damage. Something hits you but does no damage.
You closely miss something. Something hits you but does no damage.
You miss something. Something hits you but does no damage.
You miss something. Your bite misses something. Something hits you.
You miss something.
You hear some strange, mumbled words.
A puff of flame appears from out of thin air!
The puff of flame hits you.
* * * LOW HITPOINT WARNING * * *
You barely miss something. Something hits you but does no damage.
You closely miss something. Something hits you but does no damage.
You hit something.
You hear some strange, mumbled words.
A puff of flame appears from out of thin air!
The puff of flame hits you!
You die... ##########.###. ......{@†...... ##########.###. ∆ ∆ ∆

There were no monsters in sight!

Vanquished Creatures
  Natasha (thrice) (D:2)
  An adder (D:2)
  A worm (D:2)
  3 orcs (D:3)
  7 ball pythons
  2 endoplasms
  3 giant cockroaches (D:1)
  7 goblins (D:1)
  4 hobgoblins
  3 jackals (D:3)
  3 kobolds
  A quokka (D:2)
  4 bats
  2 frilled lizards (D:1)
  7 rats
  A plant (D:1)
52 creatures vanquished.

Notes
Turn   | Place    | Note
-------+----------+-------------------------------------------
     0 | D:1      | jfcaron the Gnoll Hunter began the quest for the Orb.
     0 | D:1      | Reached XP level 1. HP: 20/20 MP: 1/1
    52 | D:1      | Reached XP level 2. HP: 26/26 MP: 2/2
   460 | D:1      | Reached XP level 3. HP: 31/31 MP: 3/3
   538 | D:1      | Found a faded altar of an unknown god.
   831 | D:2      | Noticed Natasha
   841 | D:2      | Reached skill level 1 in Invocations
   842 | D:2      | Killed Natasha
   843 | D:2      | Reached skill level 1 in Short Blades
   843 | D:2      | Reached skill level 1 in Long Blades
   843 | D:2      | Reached skill level 1 in Axes
   843 | D:2      | Reached skill level 1 in Maces & Flails
   843 | D:2      | Reached skill level 1 in Polearms
   843 | D:2      | Reached skill level 1 in Staves
   843 | D:2      | Reached skill level 1 in Slings
   843 | D:2      | Reached skill level 1 in Bows
   843 | D:2      | Reached skill level 1 in Throwing
   843 | D:2      | Reached skill level 1 in Armour
   843 | D:2      | Reached skill level 1 in Shields
   843 | D:2      | Reached skill level 1 in Unarmed Combat
   843 | D:2      | Reached skill level 1 in Spellcasting
   843 | D:2      | Reached skill level 1 in Evocations
   843 | D:2      | Reached XP level 4. HP: 30/38 MP: 5/5
   860 | D:2      | Noticed Natasha
   866 | D:2      | Killed Natasha
   867 | D:2      | Reached skill level 1 in Conjurations
   867 | D:2      | Reached skill level 1 in Hexes
   867 | D:2      | Reached skill level 1 in Summonings
   867 | D:2      | Reached skill level 1 in Necromancy
   867 | D:2      | Reached skill level 1 in Translocations
   867 | D:2      | Reached skill level 1 in Transmutations
   867 | D:2      | Reached skill level 1 in Fire Magic
   867 | D:2      | Reached skill level 1 in Ice Magic
   867 | D:2      | Reached skill level 1 in Air Magic
   867 | D:2      | Reached skill level 1 in Earth Magic
   867 | D:2      | Reached skill level 1 in Poison Magic
   867 | D:2      | Noticed Natasha
   870 | D:2      | Killed Natasha
   871 | D:2      | Reached XP level 5. HP: 29/43 MP: 6/6
  1300 | D:2      | You fall into a shaft and drop 1 floor!
  1330 | D:3      | Found Laun's General Store.
  1385 | D:2      | Gained mutation: Your muscles are strong. (Str +2) [potion
                  | of mutation]
  1385 | D:2      | Gained mutation: You are frail. (-10% HP) [potion of
                  | mutation]
  1385 | D:2      | Gained mutation: Your system is resistant to poisons.
                  | (rPois) [potion of mutation]
  1420 | D:2      | Killed from afar by an orc wizard

Illustrated notes

Levels and vault maps discovered:
D:1:      evilmike_arrival_hilbert_curve, layout_basic,
          dreamdust_ecumenical_altar_grove
D:2:      minmay_angry_zag, layout_basic, uniq_natasha
D:3:      layout_rooms, serial_shops, shop, nicolae_square_shop,
          nicolae_shop_advertising_works [nicolae_subvault_shop_adworks],
          nicolae_shop_window_shopping

Skill      XL: |  1  2  3  4 |
---------------+-------------+-----
Invocations    | 1 |  1.6
Short Blades   | 1 |  1.4
Long Blades    | 1 |  1.4
Axes           | 1 |  1.4
Maces & Flails | 1 |  1.4
Polearms       | 1 |  1.4
Staves         | 1 |  1.4
Slings         | 1 |  1.4
Bows           | 1 |  1.4
Throwing       | 1 |  1.4
Armour         | 1 |  1.4
Shields        | 1 |  1.4
Unarmed Combat | 1 |  1.4
Spellcasting   | 1 |  1.4
Evocations     | 1 |  1.4
Conjurations   | 1 |  1.1
Hexes          | 1 |  1.1
Summonings     | 1 |  1.1
Necromancy     | 1 |  1.1
Translocations | 1 |  1.1
Transmutations | 1 |  1.1
Fire Magic     | 1 |  1.1
Ice Magic      | 1 |  1.1
Air Magic      | 1 |  1.1
Earth Magic    | 1 |  1.1
Poison Magic   | 1 |  1.1
Fighting       | |  4.7
Crossbows      | |  8.6
Dodging        | |  4.7
Stealth        | |  2.7

Action                   |  1- 3 |  4- 6 || total
-------------------------+-------+-------++-------
Melee: Dagger            |     5 |    38 ||    43
       Bite              |     1 |       ||     1
       Punch             |       |     1 ||     1
 Fire: Hand crossbow     |    72 |    30 ||   102
  Use: Potion            |       |     3 ||     3
Armor: Scale mail        |     9 |     6 ||    15
       Leather armour    |     1 |       ||     1
       Skin              |       |    51 ||    51
Dodge: Dodged            |    11 |    10 ||    21

Table legend: (Time is in decaauts)
 A = Elapsed time spent in this place.
 B = Non-inter-level travel time spent in this place.
 C = Inter-level travel time spent in this place.
 D = Time resting spent in this place.
 E = Time spent auto-exploring this place.
 F = Levels seen in this place.
 G = Mean time per level.
                   A        B        C        D        E       F      G
               +--------+--------+--------+--------+--------+-----+--------+
         Total |   1444 |   1434 |     10 |    113 |   1014 |   3 |  481.3 |
       Dungeon |   1444 |   1434 |     10 |    113 |   1014 |   3 |  481.3 |
               +--------+--------+--------+--------+--------+-----+--------+

Top non-repeatable levels by time:
     D:1: 799 daAuts
     D:2: 574 daAuts
     D:3: 69 daAuts
